 Dungeon Crawl Stone Soup version 0.16.1-51-g6203257 (webtiles) character file.

225 Miyamura the Sneak (level 5, 0/41 HPs)
             Began as a Vampire Assassin on July 9, 2015.
             Slain by an adder (2 damage)
             ... on level 3 of the Dungeon.
             The game lasted 00:08:28 (2881 turns).

Miyamura the Sneak (Vampire Assassin)               Turns: 2881, Time: 00:08:28

Health: 0/41       AC:  3    Str: 10      XL:     5   Next: 68%
Magic:  7/7        EV: 13    Int: 14      God:
Gold:   116        SH:  0    Dex: 13 (15) Spells: 0 memorised, 7 levels left

rFire  . . .     SeeInvis +     b - +0 blowgun
rCold  . . .     Clarity  .     c - +0 robe
rNeg   . . .     SustAb   .     (no shield)
rPois  .         Gourm    .     (no helmet)
rElec  .         Spirit   .     d - +0 cloak
rCorr  .         Warding  .     (no gloves)
rMut   .         Stasis   .     (no boots)
MR     .....                    (no amulet)
Stlth  ++++......               (no ring)
                                k - ring of flight

@: lethally poisoned (0 -> 0), regenerating quickly, not resistant to hostile
enchantments, stealthy
A: bottle blood, fangs 3, see invisible, unbreathing
a: Evoke Flight


You were on level 3 of the Dungeon.
You were very full.

You visited 1 branch of the dungeon, and saw 3 of its levels.

You collected 116 gold pieces.

Inventory:

Hand weapons
 a - a +3 dagger
 b - a +0 blowgun (weapon)
Missiles
 e - 16 poisoned needles (quivered)
Armour
 c - a +0 robe (worn)
 d - a +0 cloak (worn)
 m - a +0 buckler
Jewellery
 k - a ring of flight (left hand)
Magical devices
 n - a wand of slowing (18)
Scrolls
 h - 2 scrolls of identify
 i - a scroll of recharging
 j - a scroll of enchant weapon
 l - a scroll of remove curse
Potions
 g - 12 potions of blood


   Skills:
 + Level 3.1 Fighting
 + Level 3.4 Short Blades
 - Level 1.5 Throwing
 + Level 2.9 Dodging
 + Level 6.8 Stealth
 + Level 1.7 Spellcasting


You had 7 spell levels left.
You didn't know any spells.

Dungeon Overview and Level Annotations

Branches:
Dungeon (3/15)

Altars:
Gozag
Kikubaaqudgha
Trog


Innate Abilities, Weirdness & Mutations

Your natural rate of healing is unusually fast.
You can bottle blood from corpses.
You have razor-sharp teeth.
You have supernaturally acute eyesight.
You can survive without breathing.


Message History

You shoot a poisoned needle. The poisoned needle hits the adder!
The adder looks even sicker.
The adder is moderately wounded.
The adder barely misses you.
Firing (i - inventory):
e - 18 poisoned needles (quivered)
Press: ? - help, Shift-Dir - straight line, f/p - adder
Aim: an adder (moderately wounded, poisoned)
You shoot a poisoned needle. The poisoned needle hits the adder!
The adder is moderately wounded.
You feel sick. The adder barely misses you.
An orc comes into view. It is wielding a flail.
Firing (i - inventory):
e - 17 poisoned needles (quivered)
Press: ? - help, Shift-Dir - straight line, f/p - adder
Aim: an adder (heavily wounded, poisoned)
You shoot a poisoned needle. The orc shouts!
The poisoned needle hits the adder!
The adder is heavily wounded.
The adder bites you.
You die...

# #.# ##.......## ###.#
##.....(##
..#.######.[....(#
........##.%.....#
.....##....%.....#
.....######.####.# ....##
#. #)###
..#.#######..###S..######
.......%........@........
#.#############.#########
#.# #.# #.# #.# #.# #.#
#.####.# #.# .......# .o.
######## ### ...


You could see an adder and an orc.

Vanquished Creatures
  An orc priest (D:3)
  3 gnolls (D:3)
  8 adders
  2 giant mites (D:3)
  A worm (D:2)
  5 giant geckos
  2 orcs (D:3)
  A ball python (D:1)
  12 bats
  3 giant cockroaches
  10 hobgoblins
  2 jackals (D:2)
  4 kobolds
  3 giant newts (D:2)
  5 goblins
  5 rats
67 creatures vanquished.

Notes
Turn   | Place    | Note
--------------------------------------------------------------
     0 | D:1      | Miyamura, the Vampire Assassin, began the quest for the Orb.
     0 | D:1      | Reached XP level 1. HP: 16/16 MP: 1/1
    86 | D:1      | Reached skill level 6 in Stealth
   148 | D:1      | Reached XP level 2. HP: 22/22 MP: 2/2
   788 | D:2      | Reached XP level 3. HP: 27/27 MP: 3/3
  1484 | D:2      | Reached skill level 1 in Spellcasting
  1484 | D:2      | Reached XP level 4. HP: 10/34 MP: 3/5
  1610 | D:2      | Found an opulent altar of Gozag.
  2296 | D:3      | Reached XP level 5. HP: 24/40 MP: 5/7
  2307 | D:3      | Found an ancient bone altar of Kikubaaqudgha.
  2571 | D:3      | Found a bloodstained altar of Trog.
  2876 | D:3      | HP: 2/41 [adder (5)]
  2881 | D:3      | Slain by an adder

Action                   |  1- 3 |  4- 6 || total
-------------------------+-------+-------++-------
Melee: Dagger            |   101 |   104 ||   205
 Fire: Blowgun           |     5 |    15 ||    20
  Use: Scroll            |     5 |     2 ||     7
       Potion            |    10 |    11 ||    21
 Stab: Sleeping          |    16 |     4 ||    20
       Distracted        |       |     1 ||     1
